 Dungeon Crawl Stone Soup version 0.29.1-1-gd02db6906a (webtiles) character file.

Game seed: 13741103677223889642

33 hawla the Firebug (level 3, -3/26 HPs)
             Began as a Meteoran Fire Elementalist on Oct 13, 2022.
             Killed from afar by an orc wizard (6 damage)
             ... with a magic dart
             ... on level 2 of the Dungeon on Oct 14, 2022.
             The game lasted 00:03:01 (632 turns).

hawla the Firebug (Meteoran Fire Elementalist)       Turns: 632, Time: 00:03:01

Health: -3/26      AC:  3    Str:  9    XL:     3   Next: 70%
Magic:  1/8        EV: 12    Int: 18    God:
Gold:   22         SH:  0    Dex: 15    Spells: 5/8 levels left

rFire   . . .      SeeInvis .   (no weapon)
rCold   . . .      Faith    .   (no shield)
rNeg    . . .      Spirit   .   a - +0 robe
rPois   .          Reflect  .   (no helmet)
rElec   .          Harm     .   d - +0 cloak
rCorr   .          Rampage  .   (no gloves)
Will    .....                   (no boots)
Stlth   +.........              (no amulet)
HPRegen 0.08/turn               (no ring)
MPRegen 0.11/turn               (no ring)

@: glowing
A: sense surroundings 1, otherworldly, glowing, explore regen
a: no special abilities


You were on level 2 of the Dungeon.
You visited 1 branch of the dungeon, and saw 2 of its levels.

You collected 22 gold pieces.

Inventory:

Armour
 a - a +0 robe (worn)
 d - a +0 cloak (worn)
Wands
 g - a wand of roots (7)
Potions
 b - a potion of magic
 c - 2 potions of berserk rage {unknown}
 e - a potion of resistance {unknown}
 f - a potion of degeneration {unknown}
 h - a potion of might {unknown}
 i - 3 potions of attraction {unknown}


   Skills:
 + Level 2.6 Dodging
 - Level 1.4 Stealth
 + Level 3.2 Spellcasting
 + Level 2.0 Conjurations
 + Level 4.4 Fire Magic


You had 5 spell levels left.
You knew the following spells:

 Your Spells              Type           Power      Damage    Failure   Level
a - Foxfire               Conj/Fire      56%        2x1d6     4%          1
b - Scorch                Fire           36%        2d6       4%          2

Your spell library contained the following spells:

 Spells                   Type           Power      Damage    Failure   Level
 Conjure Flame            Conj/Fire      14%        6-21      13%         3
 Inner Flame              Hex/Fire       10%        N/A       19%         3
 Flame Wave               Conj/Fire      14%        2d6       38%         4


Dungeon Overview and Level Annotations

Branches:
Dungeon (2/15) Zot: 567

Altars:


Innate Abilities, Weirdness & Mutations

You passively map a small area around you.
You are easily found by Zot.
You glow in the dark.
You regain HP and MP as you explore.


Message History

An orc comes into view.
It is wielding a +1 hand axe of freezing.
The teleport trap disappears.
The orc priest disappears!
An orc wizard comes into view. It is wielding a +0 dagger.
The orc wizard shouts!
Casting: Foxfire (safe; 4% risk of failure)
Confirm with . or Enter, or press ? or * to list all spells.
You conjure some foxfire!
The ball python closely misses you. The ball python barely misses you.
Casting: Foxfire (safe; 4% risk of failure)
Confirm with . or Enter, or press ? or * to list all spells.
Flames lash the ball python.
You kill the ball python!
Casting: Scorch (safe; 4% risk of failure)
Confirm with . or Enter, or press ? or * to list all spells.
You conjure some foxfire!
Your foxfire dissipates!
The orc wizard casts a spell.
The orc wizard flickers and vanishes!
Deactivating autopickup; reactivate with Ctrl-A.
The foxfire hits something. x2
Casting: Foxfire (safe; 4% risk of failure)
Confirm with . or Enter, or press ? or * to list all spells.
You conjure some foxfire!
The foxfire hits something but does no damage.
The foxfire hits something but does no damage.
You hear some strange, mumbled words.
A magic dart appears from out of thin air!
The magic dart hits you.
* * * LOW HITPOINT WARNING * * *
Something hits you.
* * * LOW HITPOINT WARNING * * *
An orc is nearby!
An orc is nearby!
An orc is nearby!
Something hits you but does no damage. Something hits you.
* * * LOW HITPOINT WARNING * * *
A magic dart appears from out of thin air!
The magic dart hits you.
You die...

#.#####.# #.# #.#
#.#####.#####..
#S#.......o.... ,
#.#.###.#.#....
#.#.###.#... .. ,
#...{o..# ..o.,
###.##### .....,**
###@# * .... , #...# *
*.###, , #.#.# * *
#...# ##+## ##.##
##...## ##.# ##.....##
##..# ##.......##
##...####.........####
#.......+.........'...


There were no monsters in sight!

Vanquished Creatures
  A worm (D:2)
  An orc (D:2)
  3 endoplasms (D:1)
  3 goblins (D:1)
  4 hobgoblins (D:1)
  3 jackals (D:1)
  4 kobolds (D:1)
  A quokka (D:1)
  A ball python (D:2)
  A bat (D:1)
  2 frilled lizards (D:1)
  3 rats (D:1)
27 creatures vanquished.

Vanquished Creatures (others)
  49 foxfires
  4 plants (D:1)
53 creatures vanquished.

Grand Total: 80 creatures vanquished

Notes
Turn   | Place    | Note
-------+----------+-------------------------------------------
     0 | D:1      | hawla the Meteoran Fire Elementalist began the quest for
                  | the Orb.
     0 | D:1      | Reached XP level 1. HP: 14/14 MP: 5/5
   125 | D:1      | Reached XP level 2. HP: 20/20 MP: 2/6
   127 | D:1      | Reached skill level 4 in Fire Magic
   191 | D:1      | Learned a level 2 spell: Scorch
   311 | D:1      | Reached XP level 3. HP: 26/26 MP: 2/8
   493 | D:1      | You fall into a shaft and drop 1 floor!
   632 | D:2      | Killed from afar by an orc wizard

Illustrated notes

Levels and vault maps discovered:
D:1:      erik_arrival_blinker_ship, layout_basic, serial_forest,
          infiniplex_forest_lined_room_2, infiniplex_forest_lined_3,
          infiniplex_forest_clump_small, infiniplex_forest_clump_small,
          infiniplex_forest_lined_corner, infiniplex_forest_lined_4_way,
          infiniplex_forest_3_way, infiniplex_forest_lined_room_2,
          infiniplex_forest_clump_C, grunt_decor_clamped, minmay_heptomino_l4
D:2:      layout_loops_corners, hangedman_feature_mirror, hex_large,
          uniq_jessica, uniq_crazy_yiuf_cottage

Skill      XL: |  1  2  3 |
---------------+----------+-----
Fire Magic     | 4 |  4.4
Spellcasting   | 3 |  3.2
Conjurations   | 2 |  2.0
Dodging        | |  2.6
Stealth        | |  1.4

Action                   || total
-------------------------++-------
Melee: Unarmed           ||     4
 Cast: Foxfire           ||    32
       Scorch            ||    13
  Use: Scroll            ||     1
Armor: Robe              ||    21
Dodge: Dodged            ||    31
